WCHLSIM.com - West Coast Hockey League
html PUBLIC "-//W3C//DTD XHTML 1.0 Transitional//EN" "http://www.w3.org/TR/xhtml1/DTD/xhtml1-transitional.dtd"> WCHL - Game 684 - OKANAGAN RATTLESNAKES vs UTAH ICE BEARS

OKANAGAN RATTLESNAKES vs UTAH ICE BEARS

Created - 25 janvier 2023 at 08:22

Goals
1 2 3 T
OKANAGAN RATTLESNAKES 0 0 0 0
UTAH ICE BEARS 0 1 1 2
Shots
1 2 3 T
OKANAGAN RATTLESNAKES 13 4 10 27
UTAH ICE BEARS 15 12 11 38

1st period

No Goal

Penalties :
Darren Helm (OKA) for Slashing (Minor) at 0:51, Nicholas Paul (UTA) for Hooking (Minor) at 2:55, Lucas Raymond (UTA) for Hooking (Minor) at 11:22, MacKenzie Weegar (UTA) for Hooking (Minor) at 18:04

2nd period

1. UTAH ICE BEARS , Andrew Mangiapane 18 (Matias Maccelli 2, MacKenzie Weegar 25) at 0:22

Penalties :
Markus Nutivaara (OKA) for Hooking (Minor) at 15:38

3rd period

2. UTAH ICE BEARS , Lucas Raymond 13 (MacKenzie Weegar 26, Matthew Beniers 19) at 16:55

Penalties :
No Penalty

Goalie Stats

Laurent Brossoit (OKA), 36 saves from 38 shots - (0,947), L, 9-14-0, 60:00 minutes
Connor Ingram (UTA), 27 saves from 27 shots - (1,000), W, 8-1-0, 60:00 minutes

Players Stats for OKANAGAN RATTLESNAKES

Player Name              G  A  P  +/- PIM S  H  SB GA TA FO     MP     PP MP  PK MP  
------------------------------------------------------------------------------------
Adam Clendening          0  0  0   0  0   0  2  0  0  0  0/0    23:01   3:17   0:51 
Alexander Wennberg       0  0  0  -2  0   3  0  0  0  0  11/17  20:50   2:56   2:05 
Anders Lee               0  0  0   0  0   3  2  0  0  0  12/28  19:04   0:00   1:08 
Colin White              0  0  0   0  0   3  0  0  0  0  1/3    10:35   0:00   0:00 
Darren Helm              0  0  0   0  2   0  1  1  0  0  0/0    14:34   3:01   0:59 
Eric Robinson            0  0  0   0  0   0  0  1  0  0  0/1     5:45   0:00   0:00 
Jordan Eberle            0  0  0  -2  0   6  0  0  0  0  2/4    20:16   2:56   1:31 
Justin Faulk             0  0  0   0  0   1  5  3  0  0  0/0    26:06   2:36   2:11 
Kevin Hayes              0  0  0   0  0   1  0  0  0  0  1/2    18:16   0:00   0:20 
Lars Eller               0  0  0   0  0   2  2  1  0  0  7/8    20:57   3:01   0:00 
Luke Kunin               0  0  0   0  0   1  1  0  0  0  1/3     5:45   0:00   0:00 
Markus Nutivaara         0  0  0  -1  2   0  4  0  0  0  0/0    15:44   0:04   0:00 
Mike Hoffman             0  0  0  -2  0   3  2  0  0  0  1/1    18:45   2:56   0:00 
Olli Maatta              0  0  0  -1  0   3  1  1  0  0  0/0    20:01   3:02   1:40 
Oskar Sundqvist          0  0  0   0  0   1  0  0  0  0  3/15   15:36   3:01   2:00 
Travis Dermott           0  0  0  -1  0   0  0  3  0  0  0/0    17:18   2:55   1:18 
Tyson Jost               0  0  0   0  0   0  0  0  0  0  0/0     5:45   0:00   0:00 
Victor Mete              0  0  0  -1  0   0  0  2  0  0  0/0    17:42   0:00   1:49 

Players Stats for UTAH ICE BEARS

Player Name              G  A  P  +/- PIM S  H  SB GA TA FO     MP     PP MP  PK MP  
------------------------------------------------------------------------------------
Alexander Barabanov      0  0  0   1  0   3  3  0  0  0  1/1    17:56   1:39   0:00 
Andrew Mangiapane        1  0  1   1  0   9  3  1  0  0  0/0    20:36   2:19   0:00 
Andrew Peeke             0  0  0   0  0   0  0  5  0  0  0/0    22:54   2:10   2:28 
Blake Lizotte            0  0  0   0  0   0  1  0  0  0  2/13    7:30   0:00   3:33 
Bowen Byram              0  0  0   0  0   3  0  1  0  0  0/0    20:10   1:48   0:06 
Evgeni Malkin            0  0  0   1  0   3  1  0  0  0  20/29  20:36   2:19   0:00 
Kyle Okposo              0  0  0   0  0   1  0  0  0  0  0/0    11:34   0:00   0:00 
Lucas Raymond            1  0  1   1  2   3  0  0  0  0  0/0    17:55   1:39   0:00 
MacKenzie Weegar         0  2  2   2  2   3  4  0  0  0  0/0    20:05   1:48   0:00 
Mark Pysyk               0  0  0   0  0   1  0  0  0  0  0/0    17:00   0:00   3:29 
Matias Maccelli          0  1  1   1  0   1  1  0  0  0  0/0    20:36   2:19   0:00 
Matthew Beniers          0  1  1   1  0   4  4  0  0  0  12/23  17:56   1:39   0:00 
Nicholas Paul            0  0  0   0  2   5  2  0  0  0  8/13   11:33   0:00   0:00 
Ross Colton              0  0  0   0  0   1  0  0  0  0  0/3     6:21   0:00   2:24 
Rudolfs Balcers          0  0  0   0  0   1  0  0  0  0  0/0    13:58   0:00   2:24 
T.J. Brodie              0  0  0   2  0   0  0  2  0  0  0/0    22:50   2:10   2:22 
Tucker Poolman           0  0  0   0  0   0  1  1  0  0  0/0    17:00   0:00   3:29 
Zachary Sanford          0  0  0   0  0   0  1  0  0  0  0/0     7:30   0:00   3:33 

3 Stars

1 - Connor Ingram (UTA)
2 - Andrew Mangiapane (UTA)
3 - Laurent Brossoit (OKA)

Power Play

OKANAGAN RATTLESNAKES - 0 on 3 Attempt(s) - 0,00%
UTAH ICE BEARS - 0 on 2 Attempt(s) - 0,00%

Penalty Kill

OKANAGAN RATTLESNAKES - 2 on 2 Attempt(s) - 100,00% - Score 0 goal in Penalty Kill
UTAH ICE BEARS - 3 on 3 Attempt(s) - 100,00% - Score 0 goal in Penalty Kill

Team Stat

OKANAGAN RATTLESNAKES - Hits : 20 - Faceoff Wins : 39 - Blocked Shots : 12 - Penalty Minutes : 4
UTAH ICE BEARS - Hits : 21 - Faceoff Wins : 43 - Blocked Shots : 10 - Penalty Minutes : 6

Official

Referees : Reid Anderson and Kyle Rehman
Linesman : Jim Harper and Jonny Murray

Game Notes

No Game Note

Finance

Level 1 -- Attendance: 7270 (93,81%) -- Ticket Income 836 050 $
Level 2 -- Attendance: 5689 (98,94%) -- Ticket Income 438 053 $
Level 3 -- Attendance: 2459 (98,36%) -- Ticket Income 152 458 $
Level 4 -- Attendance: 4664 (93,28%) -- Ticket Income 191 224 $
Luxury Box -- Attendance: 1000 (100,00%) -- Ticket Income 250 000 $
Total Attendance: 21082 (95,83%)
Total Ticket Income: 1 867 785 $
Other Expense: 18 678 $
Total Income: 1 849 107 $

OKANAGAN RATTLESNAKES

5 vs 5 Forward 
   Center                   Left Wing                Right Wing               Time % Phy DF OF 
 1 Anders Lee               Lars Eller               Kevin Hayes              36     1   2  2  
 2 Alexander Wennberg       Mike Hoffman             Jordan Eberle            31     1   2  2  
 3 Oskar Sundqvist          Darren Helm              Colin White              23     1   2  2  
 4 Luke Kunin               Eric Robinson            Tyson Jost               10     1   2  2  

5 vs 5 Defense 
   Defense                  Defense                                           Time % Phy DF OF 
 1 Justin Faulk             Adam Clendening                                   36     1   2  2  
 2 Markus Nutivaara         Victor Mete                                       31     1   2  2  
 3 Olli Maatta              Travis Dermott                                    23     1   2  2  
 4 Olli Maatta              Justin Faulk                                      10     1   2  2  

PowerPlay Forward 
   Center                   Left Wing                Right Wing               Time % Phy DF OF 
 1 Lars Eller               Darren Helm              Oskar Sundqvist          55     1   2  2  
 2 Alexander Wennberg       Mike Hoffman             Jordan Eberle            45     1   2  2  

PowerPlay Defense
   Defense                  Defense                                           Time % Phy DF OF 
 1 Travis Dermott           Justin Faulk                                      55     1   2  2  
 2 Olli Maatta              Adam Clendening                                   45     1   2  2  

Penalty Kill 4 Players Forward 
   Center                   Wing                     Time % Phy DF OF 
 1 Oskar Sundqvist          Alexander Wennberg       55     1   2  2  
 2 Jordan Eberle            Darren Helm              45     1   2  2  

Penalty Kill 4 Players Defense
   Defense                  Defense                  Time % Phy DF OF 
 1 Travis Dermott           Olli Maatta              55     1   2  2  
 2 Victor Mete              Justin Faulk             45     1   2  2  

Penalty Kill - 3 Players Forward 
   Forward                                           Time % Phy DF OF 
 1 Jordan Eberle                                     55     1   2  2  
 2 Oskar Sundqvist                                   45     1   2  2  

Penalty Kill - 3 Players Defense
   Defense                  Defense                  Time % Phy DF OF 
 1 Travis Dermott           Justin Faulk             55     1   2  2  
 2 Olli Maatta              Adam Clendening          45     1   2  2  

4 vs 4 Forward 
   Center                   Wing                     Time % Phy DF OF 
 1 Alexander Wennberg       Oskar Sundqvist          55     1   2  2  
 2 Jordan Eberle            Darren Helm              45     1   2  2  

4 vs 4 Defense
   Defense                  Defense                  Time % Phy DF OF 
 1 Justin Faulk             Travis Dermott           55     1   2  2  
 2 Olli Maatta              Victor Mete              45     1   2  2  

Last Minutes Offensive
   Center                   Left Wing                Right Wing               Defense                  Defense                  
   Anders Lee               Lars Eller               Kevin Hayes              Justin Faulk             Adam Clendening          

Last Minutes Defensive
   Center                   Left Wing                Right Wing               Defense                  Defense                  
   Anders Lee               Lars Eller               Kevin Hayes              Justin Faulk             Adam Clendening          

Goaltenders
Starting : Laurent Brossoit         
Backup : Ville Husso              

Extra Forwards
Normal : Oskar Sundqvist, Colin White, Darren Helm - PP : Oskar Sundqvist, Colin White - PK : Darren Helm
Extra Defensemen
Normal : Olli Maatta, Travis Dermott, Justin Faulk - PP : Justin Faulk - PK : Travis Dermott, Justin Faulk
Penalty Shots
Anders Lee, Darren Helm, Jordan Eberle, Oskar Sundqvist, Alexander Wennberg
Custom OT Lines Forwards
Kevin Hayes, Anders Lee, Jordan Eberle, Lars Eller, Alexander Wennberg, Mike Hoffman, Oskar Sundqvist, Colin White, Darren Helm, Eric Robinson
Custom OT Lines Defensemen
Travis Dermott, Olli Maatta, Adam Clendening, Victor Mete, Justin Faulk

Scratches
T.J. Oshie (Left Hip Injury), Kevin Labanc (Healthy), Ryan Reaves (Healthy), Carter Hutton (Healthy)

UTAH ICE BEARS

5 vs 5 Forward 
   Center                   Left Wing                Right Wing               Time % Phy DF OF 
 1 Evgeni Malkin            Matias Maccelli          Andrew Mangiapane        36     1   2  2  
 2 Matthew Beniers          Alexander Barabanov      Lucas Raymond            31     1   2  2  
 3 Nicholas Paul            Rudolfs Balcers          Kyle Okposo              23     1   2  2  
 4 Blake Lizotte            Zachary Sanford          Ross Colton              10     1   2  2  

5 vs 5 Defense 
   Defense                  Defense                                           Time % Phy DF OF 
 1 MacKenzie Weegar         T.J. Brodie                                       36     1   2  2  
 2 Bowen Byram              Andrew Peeke                                      31     1   2  2  
 3 Mark Pysyk               Tucker Poolman                                    23     1   2  2  
 4 Bowen Byram              Andrew Peeke                                      10     1   2  2  

PowerPlay Forward 
   Center                   Left Wing                Right Wing               Time % Phy DF OF 
 1 Evgeni Malkin            Matias Maccelli          Andrew Mangiapane        55     1   1  3  
 2 Matthew Beniers          Alexander Barabanov      Lucas Raymond            45     1   1  3  

PowerPlay Defense
   Defense                  Defense                                           Time % Phy DF OF 
 1 MacKenzie Weegar         Bowen Byram                                       55     1   2  2  
 2 T.J. Brodie              Andrew Peeke                                      45     1   2  2  

Penalty Kill 4 Players Forward 
   Center                   Wing                     Time % Phy DF OF 
 1 Blake Lizotte            Zachary Sanford          55     1   2  2  
 2 Ross Colton              Rudolfs Balcers          45     1   2  2  

Penalty Kill 4 Players Defense
   Defense                  Defense                  Time % Phy DF OF 
 1 Tucker Poolman           Mark Pysyk               55     1   2  2  
 2 T.J. Brodie              Andrew Peeke             45     1   2  2  

Penalty Kill - 3 Players Forward 
   Forward                                           Time % Phy DF OF 
 1 Blake Lizotte                                     55     1   2  2  
 2 Nicholas Paul                                     45     1   2  2  

Penalty Kill - 3 Players Defense
   Defense                  Defense                  Time % Phy DF OF 
 1 Tucker Poolman           T.J. Brodie              55     1   2  2  
 2 Mark Pysyk               Andrew Peeke             45     1   2  2  

4 vs 4 Forward 
   Center                   Wing                     Time % Phy DF OF 
 1 Blake Lizotte            Kyle Okposo              55     1   2  2  
 2 Matthew Beniers          Alexander Barabanov      45     1   2  2  

4 vs 4 Defense
   Defense                  Defense                  Time % Phy DF OF 
 1 MacKenzie Weegar         T.J. Brodie              55     1   2  2  
 2 Mark Pysyk               Andrew Peeke             45     1   2  2  

Last Minutes Offensive
   Center                   Left Wing                Right Wing               Defense                  Defense                  
   Matthew Beniers          Kyle Okposo              Andrew Mangiapane        MacKenzie Weegar         T.J. Brodie              

Last Minutes Defensive
   Center                   Left Wing                Right Wing               Defense                  Defense                  
   Blake Lizotte            Rudolfs Balcers          Kyle Okposo              MacKenzie Weegar         T.J. Brodie              

Goaltenders
Starting : Connor Ingram            
Backup : Thatcher Demko           

Extra Forwards
Normal : Kyle Okposo, Lucas Raymond, Nicholas Paul - PP : Rudolfs Balcers, Ross Colton - PK : Nicholas Paul
Extra Defensemen
Normal : Mark Pysyk, MacKenzie Weegar, T.J. Brodie - PP : Mark Pysyk - PK : Andrew Peeke, MacKenzie Weegar
Penalty Shots
Lucas Raymond, Matthew Beniers, Evgeni Malkin, Alexander Barabanov, Nicholas Paul
Custom OT Lines Forwards
Lucas Raymond, Andrew Mangiapane, Matias Maccelli, Alexander Barabanov, Matthew Beniers, Ross Colton, Evgeni Malkin, Blake Lizotte, Nicholas Paul, Kyle Okposo
Custom OT Lines Defensemen
MacKenzie Weegar, T.J. Brodie, Bowen Byram, Andrew Peeke, Mark Pysyk

Scratches
Artem Zub (Back Spasms Injury), Casey Mittelstadt (Healthy), Leo Komarov (Healthy), Radim Simek (Healthy), Troy Stecher (Healthy)

% Time on Ice - OKANAGAN RATTLESNAKES

Lines # - Real PCT - Wanted PCT - Time Play
Normal Forward
1 - 36% - 36% - 17:56
2 - 32% - 31% - 15:49
3 - 21% - 23% - 10:35
4 - 11% - 10% - 5:45
Normal Defense
1 - 38% - 36% - 18:53
2 - 32% - 31% - 15:53
3 - 26% - 23% - 13:05
4 - 4% - 10% - 2:14
PP Forward
1 - 51% - 55% - 3:01
2 - 49% - 45% - 2:56
PP Defense
1 - 49% - 55% - 2:55
2 - 51% - 45% - 3:02
PK Forward
1 - 62% - 55% - 2:27
2 - 38% - 45% - 1:31
PK Defense
1 - 45% - 55% - 1:47
2 - 55% - 45% - 2:11
PK3 Forward
1 - 0% - 55%
2 - 0% - 45%
PK3 Defense
1 - 0% - 55%
2 - 0% - 45%
44 Forward
1 - 0% - 55%
2 - 0% - 45%
44 Defense
1 - 0% - 55%
2 - 0% - 45%
Last Minute Offensive  - 0:00
Last Minute Defensive  - 0:00
Total
Forward - 60:00
Defense - 60:00

% Time on Ice - UTAH ICE BEARS

Lines # - Real PCT - Wanted PCT - Time Play
Normal Forward
1 - 37% - 36% - 18:17
2 - 33% - 31% - 16:17
3 - 23% - 23% - 11:34
4 - 8% - 10% - 3:57
Normal Defense
1 - 37% - 36% - 18:18
2 - 30% - 31% - 15:15
3 - 27% - 23% - 13:31
4 - 6% - 10% - 3:01
PP Forward
1 - 58% - 55% - 2:19
2 - 42% - 45% - 1:39
PP Defense
1 - 45% - 55% - 1:48
2 - 55% - 45% - 2:10
PK Forward
1 - 60% - 55% - 3:33
2 - 40% - 45% - 2:24
PK Defense
1 - 59% - 55% - 3:29
2 - 41% - 45% - 2:28
PK3 Forward
1 - 0% - 55%
2 - 0% - 45%
PK3 Defense
1 - 0% - 55%
2 - 0% - 45%
44 Forward
1 - 0% - 55%
2 - 0% - 45%
44 Defense
1 - 0% - 55%
2 - 0% - 45%
Last Minute Offensive  - 0:00
Last Minute Defensive  - 0:00
Total
Forward - 60:00
Defense - 60:00

Play-by-Play

1st period


0:01 of 1st period - Anders Lee wins face-off versus Evgeni Malkin in neutral zone.
0:12 of 1st period - Shot by Andrew Mangiapane.
0:12 of 1st period - Stopped by Laurent Brossoit without a rebound.
0:13 of 1st period - Matthew Beniers wins face-off versus Alexander Wennberg in OKANAGAN RATTLESNAKES zone.
0:16 of 1st period - Shot by Alexander Barabanov.
0:16 of 1st period - Shot Misses the Net.
0:18 of 1st period - Shot by Bowen Byram.
0:18 of 1st period - Stopped by Laurent Brossoit with a rebound.
0:20 of 1st period - Shot by Matthew Beniers.
0:20 of 1st period - Shot Misses the Net.
0:30 of 1st period - Shot by Matthew Beniers.
0:30 of 1st period - Stopped by Laurent Brossoit with a rebound.
0:34 of 1st period - Shot by Lucas Raymond.
0:34 of 1st period - Shot Misses the Net.
0:36 of 1st period - Shot by Matthew Beniers.
0:36 of 1st period - Stopped by Laurent Brossoit without a rebound.
0:37 of 1st period - Oskar Sundqvist wins face-off versus Nicholas Paul in OKANAGAN RATTLESNAKES zone.
0:51 of 1st period - Minor Penalty to Darren Helm for Slashing.
0:52 of 1st period - Evgeni Malkin wins face-off versus Oskar Sundqvist in OKANAGAN RATTLESNAKES zone.
1:00 of 1st period - Shot by MacKenzie Weegar.
1:00 of 1st period - Stopped by Laurent Brossoit with a rebound.
1:02 of 1st period - Shot by Evgeni Malkin.
1:02 of 1st period - Shot Misses the Net.
1:04 of 1st period - Shot by Andrew Mangiapane.
1:04 of 1st period - Shot Misses the Net.
1:06 of 1st period - Shot by Bowen Byram.
1:06 of 1st period - Shot Misses the Net.
1:08 of 1st period - Shot by Evgeni Malkin.
1:08 of 1st period - Stopped by Laurent Brossoit without a rebound.
1:09 of 1st period - Jordan Eberle wins face-off versus Matthew Beniers in OKANAGAN RATTLESNAKES zone.
2:27 of 1st period - Shot by Andrew Mangiapane.
2:27 of 1st period - Stopped by Laurent Brossoit without a rebound.
2:28 of 1st period - Jordan Eberle wins face-off versus Evgeni Malkin in OKANAGAN RATTLESNAKES zone.
2:28 of 1st period - Jordan Eberle is hit by Andrew Mangiapane.
2:46 of 1st period - Shot by MacKenzie Weegar.
2:46 of 1st period - Stopped by Laurent Brossoit with a rebound.
2:48 of 1st period - Shot by MacKenzie Weegar.
2:48 of 1st period - Stopped by Laurent Brossoit without a rebound.
2:49 of 1st period - Matthew Beniers wins face-off versus Oskar Sundqvist in OKANAGAN RATTLESNAKES zone.
2:51 of 1st period - Alexander Barabanov is hit by Justin Faulk and loses puck.
2:55 of 1st period - Minor Penalty to Nicholas Paul for Hooking.
2:56 of 1st period - Lars Eller wins face-off versus Blake Lizotte in UTAH ICE BEARS zone.
3:55 of 1st period - Icing by Travis Dermott.
3:56 of 1st period - Alexander Wennberg wins face-off versus Ross Colton in OKANAGAN RATTLESNAKES zone.
4:03 of 1st period - Shot by Justin Faulk.
4:03 of 1st period - Shot Misses the Net.
4:05 of 1st period - Shot by Travis Dermott.
4:05 of 1st period - Deflect By Mike Hoffman.
4:05 of 1st period - Shot Misses the Net.
4:07 of 1st period - Shot by Justin Faulk.
4:07 of 1st period - Shot Blocked by Andrew Peeke.
4:35 of 1st period - Shot by Jordan Eberle.
4:35 of 1st period - Stopped by Connor Ingram without a rebound.
4:36 of 1st period - Lars Eller wins face-off versus Blake Lizotte in UTAH ICE BEARS zone.
5:04 of 1st period - Shot by Eric Robinson.
5:04 of 1st period - Shot Hit the Post.
5:13 of 1st period - Tyson Jost is hit by MacKenzie Weegar and loses puck.
5:24 of 1st period - Shot by Luke Kunin.
5:24 of 1st period - Stopped by Connor Ingram without a rebound.
5:25 of 1st period - Alexander Wennberg wins face-off versus Matthew Beniers in UTAH ICE BEARS zone.
5:46 of 1st period - Shot by Jordan Eberle.
5:46 of 1st period - Stopped by Connor Ingram with a rebound.
5:48 of 1st period - Shot by Alexander Wennberg.
5:48 of 1st period - Stopped by Connor Ingram with a rebound.
5:50 of 1st period - Shot by Mike Hoffman.
5:50 of 1st period - Stopped by Connor Ingram without a rebound.
5:51 of 1st period - Evgeni Malkin wins face-off versus Anders Lee in UTAH ICE BEARS zone.
5:57 of 1st period - Off-side.
5:58 of 1st period - Evgeni Malkin wins face-off versus Anders Lee in neutral zone.
6:09 of 1st period - Shot by Anders Lee.
6:09 of 1st period - Stopped by Connor Ingram without a rebound.
6:10 of 1st period - Oskar Sundqvist wins face-off versus Nicholas Paul in UTAH ICE BEARS zone.
6:11 of 1st period - Shot by Colin White.
6:11 of 1st period - Shot Blocked by Tucker Poolman.
6:22 of 1st period - Nicholas Paul is hit by Adam Clendening and loses puck.
6:26 of 1st period - Nicholas Paul is hit by Justin Faulk and loses puck.
6:30 of 1st period - Nicholas Paul is hit by Justin Faulk and loses puck.
6:35 of 1st period - Shot by Kyle Okposo.
6:35 of 1st period - Deflect By Nicholas Paul.
6:35 of 1st period - Stopped by Laurent Brossoit without a rebound.
6:36 of 1st period - Anders Lee wins face-off versus Evgeni Malkin in OKANAGAN RATTLESNAKES zone.
6:47 of 1st period - Shot by Lars Eller.
6:47 of 1st period - Stopped by Connor Ingram with a rebound.
6:52 of 1st period - Off-side.
6:53 of 1st period - Alexander Wennberg wins face-off versus Matthew Beniers in neutral zone.
7:18 of 1st period - Shot by Alexander Wennberg.
7:18 of 1st period - Shot Blocked by Andrew Peeke.
7:43 of 1st period - Alexander Wennberg is hit by Alexander Barabanov and loses puck.
8:49 of 1st period - Icing by Markus Nutivaara.
8:50 of 1st period - Nicholas Paul wins face-off versus Anders Lee in OKANAGAN RATTLESNAKES zone.
8:55 of 1st period - Shot by Kyle Okposo.
8:55 of 1st period - Shot Misses the Net.
10:07 of 1st period - Shot by Evgeni Malkin.
10:07 of 1st period - Shot Misses the Net.
10:09 of 1st period - Shot by Matias Maccelli.
10:09 of 1st period - Shot Misses the Net.
10:11 of 1st period - Shot by Andrew Mangiapane.
10:11 of 1st period - Stopped by Laurent Brossoit with a rebound.
10:13 of 1st period - Shot by T.J. Brodie.
10:13 of 1st period - Shot Blocked by Justin Faulk.
10:15 of 1st period - Shot by Andrew Mangiapane.
10:15 of 1st period - Stopped by Laurent Brossoit with a rebound.
10:20 of 1st period - Andrew Mangiapane is hit by Adam Clendening and loses puck.
10:32 of 1st period - Icing by T.J. Brodie.
10:33 of 1st period - Evgeni Malkin wins face-off versus Eric Robinson in UTAH ICE BEARS zone.
10:39 of 1st period - Off-side.
10:40 of 1st period - Anders Lee wins face-off versus Matthew Beniers in neutral zone.
11:02 of 1st period - Shot by Lars Eller.
11:02 of 1st period - Shot Blocked by Bowen Byram.
11:04 of 1st period - Shot by Olli Maatta.
11:04 of 1st period - Shot Misses the Net.
11:12 of 1st period - Shot by Kevin Hayes.
11:12 of 1st period - Shot Blocked by Andrew Peeke.
11:14 of 1st period - Shot by Lars Eller.
11:14 of 1st period - Shot Blocked by Andrew Peeke.
11:22 of 1st period - Minor Penalty to Lucas Raymond for Hooking.
11:23 of 1st period - Alexander Wennberg wins face-off versus Blake Lizotte in UTAH ICE BEARS zone.
11:37 of 1st period - Shot by Mike Hoffman.
11:37 of 1st period - Stopped by Connor Ingram with a rebound.
11:39 of 1st period - Shot by Alexander Wennberg.
11:39 of 1st period - Shot Misses the Net.
11:41 of 1st period - Shot by Jordan Eberle.
11:41 of 1st period - Stopped by Connor Ingram without a rebound.
11:42 of 1st period - Lars Eller wins face-off versus Ross Colton in UTAH ICE BEARS zone.
11:43 of 1st period - Shot by Justin Faulk.
11:43 of 1st period - Shot Blocked by T.J. Brodie.
12:11 of 1st period - Shot by Justin Faulk.
12:11 of 1st period - Shot Misses the Net.
12:45 of 1st period - Shot by Alexander Wennberg.
12:45 of 1st period - Deflect By Jordan Eberle.
12:45 of 1st period - Stopped by Connor Ingram with a rebound.
13:50 of 1st period - Shot by Evgeni Malkin.
13:50 of 1st period - Shot Blocked by Victor Mete.
13:52 of 1st period - Shot by Evgeni Malkin.
13:52 of 1st period - Shot Blocked by Victor Mete.
13:57 of 1st period - Evgeni Malkin is hit by Markus Nutivaara and loses puck.
14:17 of 1st period - Shot by Matthew Beniers.
14:17 of 1st period - Stopped by Laurent Brossoit without a rebound.
14:18 of 1st period - Anders Lee wins face-off versus Nicholas Paul in OKANAGAN RATTLESNAKES zone.
14:41 of 1st period - Shot by Nicholas Paul.
14:41 of 1st period - Stopped by Laurent Brossoit with a rebound.
15:46 of 1st period - Shot by Alexander Barabanov.
15:46 of 1st period - Deflect By Lucas Raymond.
15:46 of 1st period - Shot Misses the Net.
15:48 of 1st period - Shot by Bowen Byram.
15:48 of 1st period - Shot Blocked by Travis Dermott.
15:50 of 1st period - Shot by Matthew Beniers.
15:50 of 1st period - Deflect By Lucas Raymond.
15:50 of 1st period - Shot Misses the Net.
15:52 of 1st period - Shot by Bowen Byram.
15:52 of 1st period - Shot Blocked by Darren Helm.
16:32 of 1st period - Icing by MacKenzie Weegar.
16:33 of 1st period - Anders Lee wins face-off versus Evgeni Malkin in UTAH ICE BEARS zone.
16:42 of 1st period - Shot by Anders Lee.
16:42 of 1st period - Stopped by Connor Ingram without a rebound.
16:43 of 1st period - Anders Lee wins face-off versus Ross Colton in UTAH ICE BEARS zone.
16:44 of 1st period - Shot by Lars Eller.
16:44 of 1st period - Stopped by Connor Ingram with a rebound.
16:56 of 1st period - Shot by Blake Lizotte.
16:56 of 1st period - Shot Misses the Net.
16:58 of 1st period - Shot by Ross Colton.
16:58 of 1st period - Stopped by Laurent Brossoit without a rebound.
16:59 of 1st period - Evgeni Malkin wins face-off versus Alexander Wennberg in OKANAGAN RATTLESNAKES zone.
17:02 of 1st period - Shot by Andrew Mangiapane.
17:02 of 1st period - Shot Misses the Net.
17:32 of 1st period - Jordan Eberle is hit by MacKenzie Weegar and loses puck.
17:38 of 1st period - Mike Hoffman is hit by MacKenzie Weegar and loses puck.
17:57 of 1st period - Shot by Lars Eller.
17:57 of 1st period - Deflect By Kevin Hayes.
17:57 of 1st period - Stopped by Connor Ingram with a rebound.
17:59 of 1st period - Shot by Anders Lee.
17:59 of 1st period - Shot Misses the Net.
18:04 of 1st period - Minor Penalty to MacKenzie Weegar for Hooking.
18:05 of 1st period - Lars Eller wins face-off versus Blake Lizotte in UTAH ICE BEARS zone.
Goals for this period are 0 for OKANAGAN RATTLESNAKES vs 0 for UTAH ICE BEARS.
Shots for this period are 13 for OKANAGAN RATTLESNAKES vs 15 for UTAH ICE BEARS.

2nd period


0:01 of 2nd period - Lars Eller wins face-off versus Blake Lizotte in neutral zone.
0:16 of 2nd period - Shot by Andrew Mangiapane.
0:16 of 2nd period - Stopped by Laurent Brossoit with a rebound.
0:20 of 2nd period - Shot by Matias Maccelli.
0:20 of 2nd period - Shot Misses the Net.
0:22 of 2nd period - Shot by Andrew Mangiapane.
0:22 of 2nd period - Goal by Andrew Mangiapane - OKANAGAN RATTLESNAKES : 0 - UTAH ICE BEARS : 1.
0:23 of 2nd period - Anders Lee wins face-off versus Matthew Beniers in neutral zone.
0:51 of 2nd period - Shot by Lucas Raymond.
0:51 of 2nd period - Stopped by Laurent Brossoit without a rebound.
0:52 of 2nd period - Evgeni Malkin wins face-off versus Oskar Sundqvist in OKANAGAN RATTLESNAKES zone.
1:37 of 2nd period - Icing by MacKenzie Weegar.
1:38 of 2nd period - Evgeni Malkin wins face-off versus Anders Lee in UTAH ICE BEARS zone.
2:10 of 2nd period - Icing by Markus Nutivaara.
2:11 of 2nd period - Matthew Beniers wins face-off versus Anders Lee in OKANAGAN RATTLESNAKES zone.
2:11 of 2nd period - Alexander Barabanov is hit by Markus Nutivaara and loses puck.
2:36 of 2nd period - Shot by Alexander Barabanov.
2:36 of 2nd period - Stopped by Laurent Brossoit without a rebound.
2:37 of 2nd period - Alexander Wennberg wins face-off versus Nicholas Paul in OKANAGAN RATTLESNAKES zone.
2:37 of 2nd period - Alexander Wennberg is hit by Nicholas Paul.
3:10 of 2nd period - Shot by Nicholas Paul.
3:10 of 2nd period - Shot Misses the Net.
3:28 of 2nd period - Icing by Justin Faulk.
3:29 of 2nd period - Alexander Wennberg wins face-off versus Matthew Beniers in OKANAGAN RATTLESNAKES zone.
4:21 of 2nd period - Icing by Lars Eller.
4:22 of 2nd period - Kevin Hayes wins face-off versus Blake Lizotte in OKANAGAN RATTLESNAKES zone.
4:33 of 2nd period - Kevin Hayes is hit by MacKenzie Weegar and loses puck.
4:44 of 2nd period - Shot by Colin White.
4:44 of 2nd period - Stopped by Connor Ingram without a rebound.
4:45 of 2nd period - Evgeni Malkin wins face-off versus Oskar Sundqvist in UTAH ICE BEARS zone.
5:27 of 2nd period - Icing by Tucker Poolman.
5:28 of 2nd period - Evgeni Malkin wins face-off versus Alexander Wennberg in UTAH ICE BEARS zone.
5:28 of 2nd period - Andrew Mangiapane is hit by Mike Hoffman and loses puck.
6:15 of 2nd period - Bowen Byram is hit by Justin Faulk and loses puck.
6:36 of 2nd period - Icing by Andrew Peeke.
6:37 of 2nd period - Nicholas Paul wins face-off versus Anders Lee in UTAH ICE BEARS zone.
6:44 of 2nd period - Icing by Anders Lee.
6:45 of 2nd period - Matthew Beniers wins face-off versus Anders Lee in OKANAGAN RATTLESNAKES zone.
7:23 of 2nd period - Shot by Matthew Beniers.
7:23 of 2nd period - Shot Misses the Net.
7:48 of 2nd period - Shot by Mark Pysyk.
7:48 of 2nd period - Stopped by Laurent Brossoit without a rebound.
7:49 of 2nd period - Blake Lizotte wins face-off versus Oskar Sundqvist in OKANAGAN RATTLESNAKES zone.
8:09 of 2nd period - Off-side.
8:10 of 2nd period - Mike Hoffman wins face-off versus Evgeni Malkin in neutral zone.
8:10 of 2nd period - Mike Hoffman is hit by Andrew Mangiapane.
9:01 of 2nd period - Off-side.
9:02 of 2nd period - Nicholas Paul wins face-off versus Oskar Sundqvist in neutral zone.
9:25 of 2nd period - Shot by Nicholas Paul.
9:25 of 2nd period - Stopped by Laurent Brossoit without a rebound.
9:26 of 2nd period - Alexander Barabanov wins face-off versus Anders Lee in OKANAGAN RATTLESNAKES zone.
9:26 of 2nd period - Lucas Raymond is hit by Olli Maatta and loses puck.
9:39 of 2nd period - Shot by Lucas Raymond.
9:39 of 2nd period - Stopped by Laurent Brossoit without a rebound.
9:40 of 2nd period - Luke Kunin wins face-off versus Blake Lizotte in OKANAGAN RATTLESNAKES zone.
9:40 of 2nd period - Luke Kunin is hit by Zachary Sanford.
9:56 of 2nd period - Icing by Blake Lizotte.
9:57 of 2nd period - Blake Lizotte wins face-off versus Kevin Hayes in UTAH ICE BEARS zone.
10:49 of 2nd period - Shot by Alexander Barabanov.
10:49 of 2nd period - Shot Hit the Post.
11:21 of 2nd period - MacKenzie Weegar is hit by Darren Helm.
11:29 of 2nd period - Justin Faulk is hit by Alexander Barabanov and loses puck.
12:10 of 2nd period - Shot by Jordan Eberle.
12:10 of 2nd period - Shot Blocked by Andrew Mangiapane.
12:12 of 2nd period - Shot by Olli Maatta.
12:12 of 2nd period - Stopped by Connor Ingram with a rebound.
12:14 of 2nd period - Shot by Alexander Wennberg.
12:14 of 2nd period - Shot Misses the Net.
12:16 of 2nd period - Shot by Alexander Wennberg.
12:16 of 2nd period - Stopped by Connor Ingram with a rebound.
13:20 of 2nd period - Icing by Travis Dermott.
13:21 of 2nd period - Matthew Beniers wins face-off versus Alexander Wennberg in OKANAGAN RATTLESNAKES zone.
14:51 of 2nd period - Shot by Andrew Mangiapane.
14:51 of 2nd period - Shot Misses the Net.
15:05 of 2nd period - Shot by Bowen Byram.
15:05 of 2nd period - Stopped by Laurent Brossoit without a rebound.
15:06 of 2nd period - Nicholas Paul wins face-off versus Oskar Sundqvist in OKANAGAN RATTLESNAKES zone.
15:16 of 2nd period - Nicholas Paul is hit by Markus Nutivaara and loses puck.
15:29 of 2nd period - Shot by Bowen Byram.
15:29 of 2nd period - Stopped by Laurent Brossoit with a rebound.
15:38 of 2nd period - Minor Penalty to Markus Nutivaara for Hooking.
15:39 of 2nd period - Matthew Beniers wins face-off versus Oskar Sundqvist in OKANAGAN RATTLESNAKES zone.
16:21 of 2nd period - Off-side.
16:22 of 2nd period - Evgeni Malkin wins face-off versus Jordan Eberle in neutral zone.
16:29 of 2nd period - Shot by Andrew Mangiapane.
16:29 of 2nd period - Stopped by Laurent Brossoit without a rebound.
16:30 of 2nd period - Evgeni Malkin wins face-off versus Jordan Eberle in OKANAGAN RATTLESNAKES zone.
16:43 of 2nd period - Shot by Oskar Sundqvist.
16:43 of 2nd period - Shot Blocked by T.J. Brodie.
17:39 of 2nd period - Icing by Olli Maatta.
17:40 of 2nd period - Matthew Beniers wins face-off versus Luke Kunin in OKANAGAN RATTLESNAKES zone.
18:24 of 2nd period - Shot by Alexander Barabanov.
18:24 of 2nd period - Stopped by Laurent Brossoit without a rebound.
18:25 of 2nd period - Nicholas Paul wins face-off versus Anders Lee in OKANAGAN RATTLESNAKES zone.
18:42 of 2nd period - Shot by Nicholas Paul.
18:42 of 2nd period - Stopped by Laurent Brossoit without a rebound.
18:43 of 2nd period - Alexander Wennberg wins face-off versus Blake Lizotte in OKANAGAN RATTLESNAKES zone.
19:14 of 2nd period - Shot by Jordan Eberle.
19:14 of 2nd period - Stopped by Connor Ingram without a rebound.
19:15 of 2nd period - Lars Eller wins face-off versus Evgeni Malkin in UTAH ICE BEARS zone.
19:21 of 2nd period - Icing by Andrew Peeke.
19:22 of 2nd period - Lars Eller wins face-off versus Evgeni Malkin in UTAH ICE BEARS zone.
19:26 of 2nd period - Icing by Bowen Byram.
19:27 of 2nd period - Evgeni Malkin wins face-off versus Anders Lee in UTAH ICE BEARS zone.
19:40 of 2nd period - Victor Mete is hit by Andrew Mangiapane and loses puck.
19:46 of 2nd period - Icing by Kevin Hayes.
19:47 of 2nd period - Matthew Beniers wins face-off versus Lars Eller in OKANAGAN RATTLESNAKES zone.
19:47 of 2nd period - Matthew Beniers is hit by Markus Nutivaara.
19:57 of 2nd period - T.J. Brodie is hit by Lars Eller and loses puck.
Goals for this period are 0 for OKANAGAN RATTLESNAKES vs 1 for UTAH ICE BEARS.
Shots for this period are 4 for OKANAGAN RATTLESNAKES vs 12 for UTAH ICE BEARS.

3rd period


0:01 of 3rd period - Evgeni Malkin wins face-off versus Oskar Sundqvist in neutral zone.
0:29 of 3rd period - Shot by Andrew Mangiapane.
0:29 of 3rd period - Shot Misses the Net.
1:34 of 3rd period - Shot by Lars Eller.
1:34 of 3rd period - Shot Misses the Net.
2:20 of 3rd period - Shot by Mike Hoffman.
2:20 of 3rd period - Shot Misses the Net.
2:50 of 3rd period - Shot by Alexander Wennberg.
2:50 of 3rd period - Stopped by Connor Ingram with a rebound.
3:08 of 3rd period - Mark Pysyk is hit by Luke Kunin and loses puck.
3:18 of 3rd period - Off-side.
3:19 of 3rd period - Evgeni Malkin wins face-off versus Anders Lee in neutral zone.
3:24 of 3rd period - Shot by Evgeni Malkin.
3:24 of 3rd period - Stopped by Laurent Brossoit without a rebound.
3:25 of 3rd period - Evgeni Malkin wins face-off versus Anders Lee in OKANAGAN RATTLESNAKES zone.
3:26 of 3rd period - Shot by Andrew Mangiapane.
3:26 of 3rd period - Stopped by Laurent Brossoit without a rebound.
3:27 of 3rd period - Anders Lee wins face-off versus Evgeni Malkin in OKANAGAN RATTLESNAKES zone.
3:27 of 3rd period - Anders Lee is hit by Evgeni Malkin.
3:51 of 3rd period - Shot by Evgeni Malkin.
3:51 of 3rd period - Shot Misses the Net.
3:53 of 3rd period - Shot by Evgeni Malkin.
3:53 of 3rd period - Shot Blocked by Lars Eller.
3:55 of 3rd period - Shot by Matias Maccelli.
3:55 of 3rd period - Stopped by Laurent Brossoit with a rebound.
3:57 of 3rd period - Shot by Andrew Mangiapane.
3:57 of 3rd period - Stopped by Laurent Brossoit without a rebound.
3:58 of 3rd period - Alexander Wennberg wins face-off versus Matthew Beniers in OKANAGAN RATTLESNAKES zone.
3:58 of 3rd period - Alexander Wennberg is hit by Alexander Barabanov.
4:12 of 3rd period - Shot by Alexander Wennberg.
4:12 of 3rd period - Shot Blocked by Andrew Peeke.
4:29 of 3rd period - Shot by Lucas Raymond.
4:29 of 3rd period - Shot Misses the Net.
4:36 of 3rd period - Mike Hoffman is hit by Matthew Beniers and loses puck.
4:47 of 3rd period - Jordan Eberle is hit by Matthew Beniers and loses puck.
4:55 of 3rd period - Icing by Justin Faulk.
4:56 of 3rd period - Evgeni Malkin wins face-off versus Alexander Wennberg in OKANAGAN RATTLESNAKES zone.
5:11 of 3rd period - Shot by Evgeni Malkin.
5:11 of 3rd period - Stopped by Laurent Brossoit without a rebound.
5:12 of 3rd period - Nicholas Paul wins face-off versus Anders Lee in OKANAGAN RATTLESNAKES zone.
5:30 of 3rd period - Lars Eller is hit by Nicholas Paul and loses puck.
5:41 of 3rd period - Shot by Kyle Okposo.
5:41 of 3rd period - Shot Misses the Net.
5:43 of 3rd period - Shot by Rudolfs Balcers.
5:43 of 3rd period - Stopped by Laurent Brossoit without a rebound.
5:44 of 3rd period - Evgeni Malkin wins face-off versus Oskar Sundqvist in OKANAGAN RATTLESNAKES zone.
6:02 of 3rd period - Justin Faulk is hit by Matias Maccelli and loses puck.
6:11 of 3rd period - Shot by Evgeni Malkin.
6:11 of 3rd period - Shot Blocked by Justin Faulk.
6:33 of 3rd period - Icing by Oskar Sundqvist.
6:34 of 3rd period - Colin White wins face-off versus Matthew Beniers in OKANAGAN RATTLESNAKES zone.
6:36 of 3rd period - Icing by Oskar Sundqvist.
6:37 of 3rd period - Matthew Beniers wins face-off versus Colin White in OKANAGAN RATTLESNAKES zone.
6:38 of 3rd period - Shot by Alexander Barabanov.
6:38 of 3rd period - Stopped by Laurent Brossoit without a rebound.
6:39 of 3rd period - Anders Lee wins face-off versus Matthew Beniers in OKANAGAN RATTLESNAKES zone.
6:39 of 3rd period - Anders Lee is hit by Matthew Beniers.
6:53 of 3rd period - Shot by Lars Eller.
6:53 of 3rd period - Shot Misses the Net.
6:55 of 3rd period - Shot by Anders Lee.
6:55 of 3rd period - Stopped by Connor Ingram without a rebound.
6:56 of 3rd period - Alexander Wennberg wins face-off versus Blake Lizotte in UTAH ICE BEARS zone.
7:27 of 3rd period - Shot by Jordan Eberle.
7:27 of 3rd period - Stopped by Connor Ingram with a rebound.
7:29 of 3rd period - Shot by Olli Maatta.
7:29 of 3rd period - Stopped by Connor Ingram without a rebound.
7:30 of 3rd period - Evgeni Malkin wins face-off versus Anders Lee in UTAH ICE BEARS zone.
7:30 of 3rd period - Evgeni Malkin is hit by Lars Eller.
8:38 of 3rd period - Shot by Matthew Beniers.
8:38 of 3rd period - Stopped by Laurent Brossoit without a rebound.
8:39 of 3rd period - Matthew Beniers wins face-off versus Alexander Wennberg in OKANAGAN RATTLESNAKES zone.
8:57 of 3rd period - Shot by Jordan Eberle.
8:57 of 3rd period - Shot Misses the Net.
8:59 of 3rd period - Shot by Jordan Eberle.
8:59 of 3rd period - Shot Misses the Net.
9:01 of 3rd period - Shot by Olli Maatta.
9:01 of 3rd period - Stopped by Connor Ingram with a rebound.
9:03 of 3rd period - Shot by Alexander Wennberg.
9:03 of 3rd period - Shot Misses the Net.
9:05 of 3rd period - Shot by Jordan Eberle.
9:05 of 3rd period - Deflect By Mike Hoffman.
9:05 of 3rd period - Stopped by Connor Ingram without a rebound.
9:06 of 3rd period - Nicholas Paul wins face-off versus Colin White in UTAH ICE BEARS zone.
9:27 of 3rd period - Shot by Darren Helm.
9:27 of 3rd period - Deflect By Oskar Sundqvist.
9:27 of 3rd period - Stopped by Connor Ingram with a rebound.
9:29 of 3rd period - Shot by Colin White.
9:29 of 3rd period - Stopped by Connor Ingram without a rebound.
9:30 of 3rd period - Matthew Beniers wins face-off versus Anders Lee in UTAH ICE BEARS zone.
9:40 of 3rd period - Icing by Justin Faulk.
9:41 of 3rd period - Anders Lee wins face-off versus Evgeni Malkin in OKANAGAN RATTLESNAKES zone.
9:52 of 3rd period - Shot by Andrew Mangiapane.
9:52 of 3rd period - Shot Misses the Net.
10:56 of 3rd period - Shot by Colin White.
10:56 of 3rd period - Stopped by Connor Ingram without a rebound.
10:57 of 3rd period - Alexander Wennberg wins face-off versus Nicholas Paul in UTAH ICE BEARS zone.
10:59 of 3rd period - Mike Hoffman is hit by Tucker Poolman and loses puck.
11:12 of 3rd period - Shot by Kyle Okposo.
11:12 of 3rd period - Shot Blocked by Olli Maatta.
11:19 of 3rd period - Kyle Okposo is hit by Mike Hoffman and loses puck.
11:32 of 3rd period - Shot by Alexander Wennberg.
11:32 of 3rd period - Shot Misses the Net.
11:37 of 3rd period - Shot by Jordan Eberle.
11:37 of 3rd period - Deflect By Mike Hoffman.
11:37 of 3rd period - Shot Misses the Net.
11:39 of 3rd period - Shot by Travis Dermott.
11:39 of 3rd period - Deflect By Mike Hoffman.
11:39 of 3rd period - Shot Misses the Net.
11:41 of 3rd period - Shot by Mike Hoffman.
11:41 of 3rd period - Shot Misses the Net.
13:41 of 3rd period - Shot by Ross Colton.
13:41 of 3rd period - Shot Blocked by Eric Robinson.
13:50 of 3rd period - Off-side.
13:51 of 3rd period - Nicholas Paul wins face-off versus Anders Lee in neutral zone.
13:58 of 3rd period - Shot by Kyle Okposo.
13:58 of 3rd period - Stopped by Laurent Brossoit without a rebound.
13:59 of 3rd period - Anders Lee wins face-off versus Matthew Beniers in OKANAGAN RATTLESNAKES zone.
13:59 of 3rd period - Lars Eller is hit by Matthew Beniers and loses puck.
14:39 of 3rd period - Matthew Beniers is hit by Anders Lee and loses puck.
14:45 of 3rd period - Matthew Beniers is hit by Justin Faulk and loses puck.
16:06 of 3rd period - Shot by Kyle Okposo.
16:06 of 3rd period - Shot Misses the Net.
16:20 of 3rd period - Shot by Nicholas Paul.
16:20 of 3rd period - Shot Blocked by Travis Dermott.
16:22 of 3rd period - Shot by Tucker Poolman.
16:22 of 3rd period - Shot Blocked by Travis Dermott.
16:29 of 3rd period - Icing by Travis Dermott.
16:30 of 3rd period - Alexander Wennberg wins face-off versus Matthew Beniers in OKANAGAN RATTLESNAKES zone.
16:55 of 3rd period - Shot by Lucas Raymond.
16:55 of 3rd period - Goal by Lucas Raymond - OKANAGAN RATTLESNAKES : 0 - UTAH ICE BEARS : 2.
16:56 of 3rd period - Evgeni Malkin wins face-off versus Oskar Sundqvist in neutral zone.
17:00 of 3rd period - Off-side.
17:01 of 3rd period - Evgeni Malkin wins face-off versus Oskar Sundqvist in neutral zone.
17:16 of 3rd period - Shot by Andrew Mangiapane.
17:16 of 3rd period - Shot Blocked by Justin Faulk.
17:52 of 3rd period - Shot by Kevin Hayes.
17:52 of 3rd period - Shot Misses the Net.
17:54 of 3rd period - Shot by Justin Faulk.
17:54 of 3rd period - Shot Misses the Net.
17:56 of 3rd period - Shot by Justin Faulk.
17:56 of 3rd period - Shot Misses the Net.
17:58 of 3rd period - Shot by Justin Faulk.
17:58 of 3rd period - Stopped by Connor Ingram without a rebound.
17:59 of 3rd period - Matthew Beniers wins face-off versus Luke Kunin in UTAH ICE BEARS zone.
19:02 of 3rd period - Rudolfs Balcers is hit by Anders Lee.
19:10 of 3rd period - Shot by Kyle Okposo.
19:10 of 3rd period - Shot Misses the Net.
19:22 of 3rd period - Shot by Nicholas Paul.
19:22 of 3rd period - Stopped by Laurent Brossoit with a rebound.
19:29 of 3rd period - Icing by Lars Eller.
19:30 of 3rd period - Anders Lee wins face-off versus Blake Lizotte in OKANAGAN RATTLESNAKES zone.
19:30 of 3rd period - Kevin Hayes is hit by Blake Lizotte and loses puck.
19:45 of 3rd period - Icing by Andrew Peeke.
19:46 of 3rd period - Oskar Sundqvist wins face-off versus Blake Lizotte in UTAH ICE BEARS zone.
Goals for this period are 0 for OKANAGAN RATTLESNAKES vs 1 for UTAH ICE BEARS.
Shots for this period are 10 for OKANAGAN RATTLESNAKES vs 11 for UTAH ICE BEARS.


NATHAN
MACKINNON
PHILLIP
DANAULT
CONNOR
MCDAVID

EAST COAST

HOCKEY LEAGUE

  • 25.QUE4CHI5
  • 26.CHA2LIM3
  • 27.TRV2LON3
  • 28.CHW4BAL2
  • 29.PITMAN
  • 30.ATLNHW
  • 31.WORPET
  • 32.RHI